 Dungeon Crawl Stone Soup version 0.22-a0-247-gbddf880 (webtiles) character file.

53340 dududu the Covert (level 14, 62/62 HPs)
             Began as a Felid Enchanter on Feb 9, 2018.
             Was the Champion of Dithmenos.
             Got out of the dungeon alive.
             The game lasted 03:28:25 (32864 turns).

dududu the Covert (Felid Enchanter)                Turns: 32864, Time: 03:28:25

Health: 62/62      AC:  7    Str:  2    XL:     14   Next: 30%
Magic:  28/28      EV: 26    Int: 21    God:    Dithmenos [******]
Gold:   1292       SH:  0    Dex: 17    Spells: 3/32 levels left
                                        Lives:  1   Deaths: 2

rFire    . . .     SeeInvis +     - Unarmed
rCold    + . .     Gourm    .   (shield unavailable)
rNeg     + . .     Faith    .   (armour unavailable)
rPois    .         Spirit   .   (helmet unavailable)
rElec    .         Reflect  .   (cloak unavailable)
rCorr    .         Harm     .   (gloves unavailable)
MR       +++++     Clarity  +   (boots unavailable)
Stlth    ++++++++++             C - amulet of the Four Winds {rN+ MR+++ Clar}
HPRegen  0.20/turn              M - ring of wizardry
MPRegen  0.21/turn              y - +3 ring of protection

@: wreathed by umbra, quick
A: very small, no armour, no weapons or thrown items, stealth, claws 1, fangs 3,
rugged brown scales 1, see invisible, carnivore, speed 1, shaggy fur 3, slow
metabolism 1, weak 1, MP-powered wands, sharp paws
a: Shadow Step, Shadow Form, Renounce Religion


You escaped.
You worshipped Dithmenos.
Dithmenos was exalted by your worship.
You were very full.

You visited 4 branches of the dungeon, and saw 23 of its levels.
You also visited: Labyrinth and Sewer.

You collected 2497 gold pieces.
You spent 1205 gold pieces at shops.

Inventory:

Jewellery
 o - an uncursed amulet of regeneration {unknown}
 y - a +3 ring of protection (right paw)
 C - the amulet of the Four Winds (around neck) {rN+ MR+++ Clar}
   (You bought it in a shop on level 2 of the Orcish Mines)

   [amulet of nothing]

   It protects you from negative energy.
   It affects your resistance to hostile enchantments.
   It protects you against confusion.
 M - a ring of wizardry (left paw)
 N - an uncursed ring of protection from cold
 O - an uncursed ring of poison resistance
Wands
 s - a wand of polymorph (26)
 w - a wand of disintegration (16)
 F - a wand of iceblast (6)
 H - a wand of paralysis (9)
 J - a wand of enslavement (70)
 L - a wand of scattershot (3)
 R - a wand of digging (6)
Scrolls
 e - a scroll of fear
 f - 3 scrolls of blinking
 j - 13 scrolls of remove curse
 l - 6 scrolls of teleportation
 m - a scroll of amnesia
 u - 8 scrolls of fog
 G - a scroll of torment {unknown}
 I - a scroll of random uselessness {unknown}
 K - a scroll of silence {unknown}
 P - 2 scrolls of magic mapping
Potions
 c - 7 potions of brilliance
 d - a potion of ambrosia {unknown}
 g - 3 potions of cancellation
 h - 6 potions of curing
 i - 3 potions of lignification
 k - 4 potions of magic
 p - 2 potions of agility
 q - 4 potions of haste
 t - 7 potions of heal wounds
 v - 3 potions of flight
 x - 3 potions of might
 z - a potion of berserk rage {unknown}
 A - 2 potions of resistance
 S - a potion of invisibility
Comestibles
 b - 45 rations


   Skills:
 - Level 7.0 Fighting
 - Level 10.1 Dodging
 - Level 14.0 Stealth
 - Level 7.0 Unarmed Combat
 + Level 9.6 Spellcasting
 - Level 12.0 Hexes
 - Level 7.3 Necromancy
 - Level 3.1 Translocations
 + Level 7.6 Transmutations
 - Level 2.0 Ice Magic
 + Level 9.4 Earth Magic
 * Level 10.5 Invocations


You had 3 spell levels left.
You knew the following spells:

 Your Spells              Type           Power        Failure   Level  Hunger
a - Corona                Hex            ######.      1%          1    None
b - Ensorcelled Hibernat  Hex/Ice        #####.       1%          2    None
c - Confuse               Hex            ######..     1%          3    None
d - Tukima's Dance        Hex            ######..     1%          3    None
e - Blink                 Tloc           N/A          1%          2    None
f - Borgnjor's Vile Clut  Necr/Erth      #####.....   2%          5    ####...
g - Ozocubu's Armour      Chrm/Ice       ##......     5%          3    None
h - Confusing Touch       Hex            ######       1%          1    None
i - Apportation           Tloc           ###...       1%          1    None
j - Statue Form           Tmut/Erth      #####....    12%         6    ######.
k - Passwall              Tmut/Erth      #####.....   1%          2    None


Dungeon Overview and Level Annotations

Branches:
Dungeon (14/15)            Temple (1/1) D:6            Lair (6/6) D:8
 Shoals (0/4) Lair:4       Spider (0/4) Lair:2        Slime (0/5) Lair:6
    Orc (2/2) D:10            Elf (0/3) Orc:2        Vaults (0/5) D:14

Altars:
Ashenzari
Cheibriados
Dithmenos
Elyvilon
Fedhas
Gozag
Hepliaklqana
Kikubaaqudgha
Makhleb
Nemelex Xobeh
Okawaru
Qazlal
Ru
Sif Muna
Trog
Uskayaw
Vehumet
Wu Jian
Xom
Yredelemnul
Zin
The Shining One

Shops:
D:4 :   D:10 *   Orc:2 *=([

Annotations:
D:7 p0werm0de's ghost, novice FoCK
D:13 exclusion: 2 downstairs
Lair:1 exclusion: hydra
Lair:4 exclusion: 2 oklob plants
Lair:5 exclusion: 2 death yaks


Innate Abilities, Weirdness & Mutations

You cannot wear armour.
You are incapable of wielding weapons or throwing items.
Your paws allow you to move quietly. (Stealth)
You have sharp claws.
You have razor-sharp teeth.
You have supernaturally acute eyesight. (SInv)
You are carnivorous and can eat meat at any time.
You cover ground quickly.
Your thick and shaggy fur keeps you warm. (AC +3, rC+)
You have a slow metabolism.
Your sharp claws are effective at attacking unaware monsters.
You are partially covered in rugged brown scales. (AC +1, +3% HP)
You are weak. (Str -2)
You expend magic power (3 MP) to strengthen your wands.


Message History

There is a stone staircase leading up here.
You climb upwards.
There is a stone staircase leading down here.
There is an escape hatch in the ceiling here.
A mysterious force pulls you upwards. The hatch slams shut behind you.
There is a stone staircase leading up here.
You climb upwards.
There is a stone staircase leading down here.
There is a stone staircase leading up here.
You climb upwards.
There is a stone staircase leading down here.
There is an open door here.
You see here 19 bolts.
The formicid twitches its antennae in your direction.
The felid hisses angrily.
The tengu shouts!
There is an open door here.
There is a staircase leading out of the dungeon here.
Are you sure you want to leave the Dungeon?
This will make you lose the game!
You have escaped!

#############.###
#p#.#h# ###.###
#Q#.#e# ###.###
#N#.#M# ###'###
#...# #.@.# #####


There were no monsters in sight!

Vanquished Creatures
  Snorg (D:12)
  An ettin (Orc:2)
  An ice dragon (Lair:6)
  4 hydras
  4 centaur warriors
  Erica (D:8)
  2 two-headed ogres
  3 unseen horrors
  A lindwurm (Lair:6)
  Pikel (D:3)
  3 orc knights
  2 wolf spiders (Lair:6)
  10 cyclopes
  2 deep elf magi (D:11)
  An orc sorcerer (Orc:1)
  5 ugly things
  4 centaur zombies
  A guardian serpent (Lair:6)
  5 torpor snails (Lair:6)
  7 black mambas
  A gargoyle (D:13)
  13 spiny frogs
  A kobold demonologist (D:12)
  9 komodo dragons
  3 meliai (D:12)
  6 trolls
  A jumping spider (Lair:2)
  12 hornets
  Grinder (D:6)
  4 tyrant leeches (Lair:6)
  5 polar bears
  3 dancing weapons (Orc:2)
  7 dream sheep (Lair:6)
  7 blink frogs (Lair:6)
  6 hippogriffs
  6 redbacks
  A spriggan (D:10)
  3 shadows
  10 wyverns (Lair:6)
  Sigmund (D:6)
  13 humans (D:14)
  53 yaks
  A basilisk (D:8)
  A hungry ghost (D:13)
  A steam dragon (D:9)
  A warg (Orc:2)
  A soldier ant (shapeshifter) (D:13)
  An acid dragon (D:11)
  22 water moccasins
  A swamp drake (D:11)
  5 porcupines
  An ice beast (D:6)
  8 orc warriors
  A sky beast (D:11)
  An eye of draining (D:13)
  2 black bears
  4 necrophages
  3 phantoms (D:4)
  10 ogres
  8 wolves
  18 centaurs
  14 crocodiles
  5 big kobolds
  8 bullfrogs
  A wyvern zombie (D:13)
  4 scorpions
  8 wights
  11 killer bees (D:8)
  An electric eel (D:12)
  4 howler monkeys
  4 crimson imps
  4 jellies
  14 orc priests
  A bullfrog skeleton (D:12)
  A gnoll shaman (D:4)
  6 hounds
  3 centaur skeletons
  An iron imp (D:11)
  Jessica (D:2)
  Natasha (thrice) (D:3)
  3 iguanas
  12 worker ants
  15 orc wizards
  2 hound zombies
  13 gnolls
  A howler monkey skeleton (D:5)
  14 adders
  3 shadow imps
  An ooze (Sewer)
  4 worms
  2 dart slugs
  66 orcs
  3 giant cockroaches (Sewer)
  4 hobgoblins
  7 jackals
  6 quokkas
  A ball python (D:2)
  3 bats
  5 frilled lizards
  9 goblins
  24 kobolds
  7 rats
  A fungus (Orc:2)
615 creatures vanquished.

Vanquished Creatures (collateral kills)
  2 ettins (Orc:2)
  2 two-headed ogres
  A cyclops (Orc:2)
  A spiny frog (Lair:6)
  4 orc warriors
  An ogre (D:4)
  A big kobold (Sewer)
  An orc priest (D:10)
  An orc wizard (Orc:1)
  A gnoll (D:9)
  3 orcs
  A jackal (D:11)
  2 kobolds (Sewer)
21 creatures vanquished.

Vanquished Creatures (others)
  A stone giant (Orc:2)
  5 dancing weapons
  A slave (D:4)
  An orc priest (D:4)
  An orc wizard (D:11)
  Robin (D:4)
  A shadow imp (D:11)
  A white imp (D:11)
  5 orcs
  A hobgoblin (D:4)
  7 goblins (D:4)
  31 fungi
  59 plants
115 creatures vanquished.

Grand Total: 751 creatures vanquished

Notes
Turn   | Place    | Note
-------+----------+-------------------------------------------
     0 | D:1      | dududu the Felid Enchanter began the quest for the Orb.
     0 | D:1      | Reached XP level 1. HP: 7/7 MP: 4/4
     1 | D:1      | Noticed a naga
     4 | D:1      | Noticed a tengu
     4 | D:1      | Noticed an elf
     6 | D:1      | Noticed a halfling
     6 | D:1      | Noticed a felid
     8 | D:1      | Noticed a demigod
     8 | D:1      | Noticed an octopode
    10 | D:1      | Noticed a ghoul
    12 | D:1      | Noticed a vine stalker
    14 | D:1      | Noticed a troll
    14 | D:1      | Noticed a merfolk
    16 | D:1      | Noticed a demonspawn
    16 | D:1      | Noticed a vampire
    18 | D:1      | Noticed a spriggan
    18 | D:1      | Noticed a dwarf
    21 | D:1      | Noticed a formicid
    21 | D:1      | Noticed a draconian
    23 | D:1      | Noticed a human
    23 | D:1      | Noticed a minotaur
    25 | D:1      | Noticed an ogre
    25 | D:1      | Noticed a gargoyle
    27 | D:1      | Noticed a centaur
   302 | D:1      | Reached XP level 2. HP: 11/11 MP: 4/6
   306 | D:1      | Learned a level 2 spell: Ensorcelled Hibernation
   591 | D:2      | Noticed Jessica
   598 | D:2      | Killed Jessica
   598 | D:2      | Reached skill level 5 in Hexes
   598 | D:2      | Reached XP level 3. HP: 14/14 MP: 4/7
  1004 | D:2      | Reached skill level 5 in Stealth
  1009 | D:2      | Learned a level 3 spell: Confuse
  1420 | D:2      | Reached XP level 4. HP: 18/18 MP: 4/8
  1554 | D:2      | You fall through a shaft for 2 floors!
  2015 | D:4      | Noticed a phantom
  2090 | D:4      | Noticed an ogre
  2538 | D:4      | Reached XP level 5. HP: 21/21 MP: 1/9
  2775 | D:4      | Noticed a phantom
  2805 | D:4      | Noticed a phantom
  2819 | D:4      | Killed an ogre
  2819 | D:4      | Reached skill level 6 in Stealth
  3119 | D:4      | Gained mutation: You are covered in thick fur. (AC +2) [Felid growth]
  3119 | D:4      | Reached XP level 6. HP: 6/24 MP: 1/10
  3122 | D:4      | Blown up by an orc
  3123 | D:4      | Reached XP level 5. HP: -10/21 MP: 2/9
  3199 | D:4      | Noticed an ogre
  3324 | D:4      | Found Myahaolo's Book Shoppe.
  3336 | D:4      | Learned a level 3 spell: Tukima's Dance
  3399 | D:4      | Noticed a slave
  3399 | D:4      | Noticed a slave
  3403 | D:4      | Noticed Pikel
  3407 | D:4      | Noticed a slave
  3498 | D:3      | Noticed Natasha
  3501 | D:3      | Killed Natasha
  3673 | D:3      | Found a stormy altar of Qazlal.
  3868 | D:3      | Found a sacrificial altar of Ru.
  3868 | D:3      | Found a glowing golden altar of the Shining One.
  3949 | D:3      | Found a glowing silver altar of Zin.
  3954 | D:3      | Found a white marble altar of Elyvilon.
  3954 | D:3      | Found an ancient bone altar of Kikubaaqudgha.
  3989 | D:3      | Noticed Natasha
  4002 | D:3      | Killed Natasha
  4499 | D:4      | Killed an ogre
  4499 | D:4      | Reached skill level 7 in Stealth
  4499 | D:4      | Reached XP level 6. HP: 24/24 MP: 4/11
  4533 | D:4      | Noticed Robin
  4610 | D:4      | Noticed a slave
  4909 | D:3      | Killed Pikel
  4909 | D:3      | Reached skill level 8 in Stealth
  4909 | D:3      | Reached XP level 7. HP: 23/27 MP: 7/12
  4921 | D:3      | Noticed Natasha
  4926 | D:3      | Killed Natasha
  5236 | D:4      | Killed Robin
  5601 | D:4      | Reached skill level 9 in Stealth
  5601 | D:4      | Reached XP level 8. HP: 23/31 MP: 6/13
  6161 | D:5      | Entered Level 5 of the Dungeon
  6520 | D:5      | Found a glowing drain.
  6586 | Sewer    | Entered a sewer
  6750 | Sewer    | Reached skill level 10 in Hexes
  7221 | Sewer    | Reached skill level 5 in Dodging
  7451 | D:5      | Reached skill level 10 in Stealth
  7657 | D:4      | Bought a book of Minor Magic for 200 gold pieces
  7660 | D:4      | Learned a level 2 spell: Blink
  8005 | D:6      | Noticed Grinder
  8099 | D:6      | Noticed Sigmund
  8105 | D:6      | Killed Grinder
  8121 | D:6      | Reached XP level 9. HP: 34/34 MP: 15/15
  8291 | D:6      | Killed Sigmund
  8291 | D:6      | Reached skill level 5 in Unarmed Combat
  8338 | D:6      | Found a shattered altar of Ashenzari.
  8342 | D:6      | Saw a vision of the Shoals and the Spider Nest.
  8342 | D:6      | Noticed a merfolk
  8342 | D:6      | Noticed a merfolk
  8342 | D:6      | Noticed a merfolk
  8342 | D:6      | Noticed a merfolk
  8342 | D:6      | Noticed a merfolk
  8342 | D:6      | Noticed a merfolk
  8342 | D:6      | Noticed a sea snake
  8343 | D:6      | Noticed a sea snake
  8373 | D:6      | Found a staircase to the Ecumenical Temple.
  8379 | Temple   | Entered the Ecumenical Temple
  8551 | Temple   | Became a worshipper of Dithmenos the Shadowed
  9015 | D:7      | Noticed p0werm0de's ghost (novice FoCK)
  9092 | D:7      | Found a deep blue altar of Sif Muna.
  9421 | D:7      | Reached skill level 1 in Translocations
  9766 | D:8      | Reached skill level 1 in Fighting
  9833 | D:8      | Reached skill level 11 in Stealth
 10160 | D:8      | Found a staircase to the Lair.
 10495 | D:8      | Reached XP level 10. HP: 40/40 MP: 12/17
 10656 | D:8      | Noticed Erica
 10664 | D:8      | Killed Erica
 10961 | D:8      | Learned a level 5 spell: Borgnjor's Vile Clutch
 11242 | D:8      | Reached skill level 5 in Spellcasting
 11247 | D:8      | Reached skill level 12 in Stealth
 11818 | D:8      | Reached * piety under Dithmenos
 11837 | D:8      | Found an opulent altar of Gozag.
 11838 | D:8      | Found a sparkling altar of Nemelex Xobeh.
 12261 | D:9      | Noticed an unseen horror
 12268 | D:9      | Killed an unseen horror
 12268 | D:9      | Reached skill level 1 in Necromancy
 12268 | D:9      | Reached skill level 1 in Earth Magic
 12798 | D:9      | Noticed a two-headed ogre
 13100 | D:9      | Killed a two-headed ogre
 13240 | D:10     | Entered Level 10 of the Dungeon
 13393 | D:10     | Reached ** piety under Dithmenos
 13401 | D:10     | Reached XP level 11. HP: 46/46 MP: 12/20
 13984 | D:10     | Found Vonolon's General Store.
 14688 | D:10     | Learned a level 3 spell: Ozocubu's Armour
 14917 | D:9      | Reached *** piety under Dithmenos
 15003 | D:10     | Found a staircase to the Orcish Mines.
 15284 | D:11     | Found a labyrinth entrance.
 15307 | Lab      | Entered a labyrinth
 15412 | Lab      | Noticed a minotaur
 15458 | Lab      | Identified the Guide on Transmutation and Fire
 15464 | Lab      | Identified the Handbook of the Rocks
 15882 | D:10     | Noticed an unseen horror
 15887 | D:10     | Killed an unseen horror
 15934 | D:11     | Reached skill level 5 in Fighting
 16067 | D:11     | Noticed a two-headed ogre
 16230 | D:11     | Killed a two-headed ogre
 16546 | Lair:1   | Entered Level 1 of the Lair of Beasts
 16621 | Lair:1   | Reached skill level 5 in Necromancy
 16696 | Lair:1   | Reached skill level 13 in Stealth
 16928 | Lair:1   | Learned a level 1 spell: Confusing Touch
 16930 | Lair:1   | Learned a level 1 spell: Apportation
 17038 | Lair:1   | Reached skill level 5 in Earth Magic
 17159 | Lair:1   | Reached skill level 10 in Dodging
 17206 | Lair:1   | Noticed a seven-headed hydra
 17691 | Lair:2   | Reached **** piety under Dithmenos
 17699 | Lair:2   | Gained mutation: Your thick and shaggy fur keeps you warm. (AC +3, rC+) [Felid growth]
 17699 | Lair:2   | Reached XP level 12. HP: 51/51 MP: 16/23
 18023 | Lair:2   | Noticed a four-headed hydra
 18148 | Lair:2   | Killed a four-headed hydra
 18383 | Lair:2   | Found a hole to the Spider Nest.
 19391 | Lair:4   | Found a staircase to the Shoals.
 20320 | Lair:5   | Noticed a death yak
 20327 | Lair:5   | Noticed a death yak
 20866 | Lair:1   | Learned a level 6 spell: Statue Form
 20991 | Lair:6   | Entered Level 6 of the Lair of Beasts
 21104 | Lair:6   | Reached skill level 1 in Transmutations
 21204 | Lair:6   | Reached skill level 1 in Ice Magic
 21218 | Lair:6   | Reached skill level 14 in Stealth
 21239 | Lair:6   | Reached ***** piety under Dithmenos
 21359 | Lair:6   | Noticed a five-headed hydra
 21447 | Lair:5   | Reached skill level 1 in Invocations
 21590 | Lair:6   | Killed a five-headed hydra
 21590 | Lair:6   | Reached XP level 13. HP: 54/54 MP: 22/26
 21660 | Lair:6   | Found a runed door.
 21855 | Lair:6   | Found a staircase to the Slime Pits.
 22634 | Lair:6   | Reached skill level 5 in Invocations
 23262 | Lair:6   | Reached skill level 5 in Transmutations
 24549 | Lair:6   | Reached ****** piety under Dithmenos
 24797 | Orc:1    | Entered Level 1 of the Orcish Mines
 25383 | Orc:2    | Entered Level 2 of the Orcish Mines
 25397 | Orc:2    | Noticed an ettin
 25570 | Orc:2    | Found a staircase to the Elven Halls.
 25605 | Orc:2    | Killed an ettin
 25817 | Orc:2    | Noticed a stone giant
 25818 | Orc:2    | Found Ijotio's Jewellery Shoppe.
 25826 | Orc:2    | Killed a stone giant
 25826 | Orc:2    | Reached XP level 14. HP: 34/61 MP: 23/27
 25827 | Orc:2    | Hit by a large rock thrown by a cyclops
 25828 | Orc:2    | Reached XP level 13. HP: -6/57 MP: 23/26
 25828 | Orc:2    | Found Sasoaxoh's Antique Armour Shoppe.
 25828 | Orc:2    | Noticed an ettin
 25839 | Orc:2    | Noticed an ettin
 26200 | Orc:2    | Bought a +3 ring of protection for 294 gold pieces
 26286 | Orc:2    | Found Eklos's General Store.
 26514 | Orc:2    | Bought a scroll of blinking for 97 gold pieces
 26666 | Orc:2    | Found Uddiut's Antique Weapon Shoppe.
 26721 | Orc:2    | Killed an ettin
 27249 | Orc:2    | Killed an ettin
 27882 | Orc:2    | Learned a level 2 spell: Passwall
 27882 | Orc:2    | Upgraded the game from 0.22-a0-159-g7ce444f to 0.22-a0-181-gb22368a
 29087 | D:12     | Noticed Snorg
 29569 | D:12     | Killed Snorg
 31044 | Orc:2    | Bought the amulet of the Four Winds {rN+ MR+++ Clar} for 614 gold pieces
 31044 | Orc:2    | Found the amulet of the Four Winds {rN+ MR+++ Clar}
 31055 | Orc:2    | Gained mutation: You are frail. (-10% HP) [potion of mutation]
 31055 | Orc:2    | Gained mutation: You are occasionally teleported next to monsters. [potion of mutation]
 31055 | Orc:2    | Gained mutation: You occasionally shout uncontrollably at your foes. [potion of mutation]
 31055 | Orc:2    | Gained mutation: You are partially covered in rugged brown scales. (AC +1, +3% HP) [potion of mutation]
 31056 | Orc:2    | Lost mutation: You are frail. (-10% HP) [potion of mutation]
 31056 | Orc:2    | Lost mutation: You occasionally shout uncontrollably at your foes. [potion of mutation]
 31056 | Orc:2    | Lost mutation: You are partially covered in rugged brown scales. (AC +1, +3% HP) [potion of mutation]
 31056 | Orc:2    | Gained mutation: You expend magic power (3 MP) to strengthen your wands. [potion of mutation]
 31056 | Orc:2    | Gained mutation: You are agile. (Dex +2) [potion of mutation]
 31056 | Orc:2    | Gained mutation: You have a pair of small antennae on your head. [potion of mutation]
 31057 | Orc:2    | Lost mutation: You have a pair of small antennae on your head. [potion of mutation]
 31057 | Orc:2    | Lost mutation: You expend magic power (3 MP) to strengthen your wands. [potion of mutation]
 31057 | Orc:2    | Lost mutation: You are agile. (Dex +2) [potion of mutation]
 31057 | Orc:2    | Lost mutation: You are occasionally teleported next to monsters. [potion of mutation]
 31057 | Orc:2    | Gained mutation: You occasionally shout uncontrollably at your foes. [potion of mutation]
 31057 | Orc:2    | Gained mutation: You expend magic power (3 MP) to strengthen your wands. [potion of mutation]
 31057 | Orc:2    | Gained mutation: You are agile. (Dex +2) [potion of mutation]
 31058 | Orc:2    | Lost mutation: You occasionally shout uncontrollably at your foes. [potion of mutation]
 31058 | Orc:2    | Lost mutation: You are agile. (Dex +2) [potion of mutation]
 31058 | Orc:2    | Gained mutation: You are weak. (Str -2) [potion of mutation]
 31058 | Orc:2    | Gained mutation: You are partially covered in rugged brown scales. (AC +1, +3% HP) [potion of mutation]
 31338 | D:13     | Reached XP level 14. HP: 56/62 MP: 23/28
 31416 | D:13     | Reached skill level 10 in Invocations
 32303 | D:14     | Found a gate to the Vaults.
 32536 | D:14     | Upgraded the game from 0.22-a0-181-gb22368a to 0.22-a0-247-gbddf880
 32864 | D:$      | Got out of the dungeon alive.

Vault maps used:
D:1:      kb_arrival_jail
D:2:      minmay_door_square, uniq_jessica
D:3:      lemuel_crystal_altar, grunt_temple_overflow_open, first_ration,
          uniq_natasha
D:4:      serial_shops, nicolae_shop_stone, dk_noncrumbling_3, uniq_robin,
          uniq_pikel
D:5:      cheibrodos_sewer_entry_bend
D:6:      minmay_temple_entry_nine_rooms, grunt_ashenzari_visionary,
          uniq_grinder, uniq_sigmund
D:7:      led_sif_pool
D:8:      grunt_temple_overflow_opulence, minmay_lair_entry_grove, uniq_erica
D:10:     david_orc_4, serial_shops, shop, the_bakery, mrwooster_statue_mirror
D:11:     lab_entry_generic, hangedman_decor_riveting, hangedman_minor_magic
D:12:     serial_aquarium, aquarium_bridge_long_joined, aquarium_window_1,
          aquarium_window_fake, aquarium_view_2g, aquarium_view_4,
          grunt_ministairs_15, uniq_snorg
D:14:     david_vaults_3, minmay_misc_feat_encased, minmay_ruined_shrine,
          uniq_azrael
Temple:   nicolae_temple_figure_eight
Lair:2:   nicolae_spider_entry_tight_spaces, lemuel_fruit_tree
Lair:4:   elwin_shoals_entry_rocks, infiniplex_staircase_pool,
          minmay_lair_oklob_chamber
Lair:6:   wormcave, hangedman_lair_tendril_chambers, slime_dummy,
          enter_volcano_1, cheibrodos_lair_lostbears,
          infiniplex_staircase_pool_2
Orc:1:    mines2_lemuel
Orc:2:    grunt_orc_gardens, grunt_orc_garden, grunt_orc_garden,
          grunt_orc_garden, grunt_orc_garden
Lab:      nicolae_lab_dead_adventurers, nicolae_lab_plus,
          nicolae_lab_checkerboard, lab_block
Sewer:    kennysheep_pipe_town

Skill      XL: |  1  2  3  4  5  6  7  8  9 10 11 12 13 14 |
---------------+-------------------------------------------+-----
Hexes          | 5 6 7 8 9 10 11 12 | 12.0
Stealth        | 5 7 8 9 10 11 12 13 14 | 14.0
Unarmed Combat | 2 3 4 5 6 7 |  7.0
Spellcasting   | 3 4 5 6 8 9 |  9.6
Dodging        | 3 4 5 7 9 10 | 10.1
Translocations | 3 |  3.1
Fighting       | 2 4 5 7 |  7.0
Necromancy     | 3 6 7 |  7.3
Earth Magic    | 2 5 7 9 |  9.4
Transmutations | 2 7 |  7.6
Ice Magic      | 2 |  2.0
Invocations    | 2 9 10 | 10.5

Action                   |  1- 3 |  4- 6 |  7- 9 | 10-12 | 13-15 || total
-------------------------+-------+-------+-------+-------+-------++-------
Melee: Unarmed           |    49 |    74 |   196 |   337 |   677 ||  1333
       Bite              |     1 |     5 |     6 |    25 |    59 ||    96
       Punch             |       |       |     1 |     3 |    17 ||    21
 Cast: Corona            |     3 |       |     8 |    22 |    41 ||    74
       Ensorcelled Hiber |    19 |    60 |    95 |   210 |   224 ||   608
       Confuse           |       |    15 |    22 |    71 |   132 ||   240
       Tukima's Dance    |       |     1 |     3 |    20 |    28 ||    52
       Blink             |       |       |       |     1 |     1 ||     2
       Ozocubu's Armour  |       |       |       |     1 |     5 ||     6
       Borgnjor's Vile C |       |       |       |       |    14 ||    14
Invok: Shadow Step       |       |       |       |       |     1 ||     1
Evoke: Wand              |       |       |     3 |    14 |     7 ||    24
  Use: Scroll            |       |     4 |     7 |    11 |     5 ||    27
       Potion            |       |       |     2 |     2 |     4 ||     8
 Stab: Sleeping          |    19 |    42 |    72 |   158 |   166 ||   457
       Confused          |       |     4 |    13 |    42 |    87 ||   146
       Distracted        |       |       |     1 |     4 |     2 ||     7
       Paralysed         |       |       |     1 |       |       ||     1
       Invisible         |       |       |       |     2 |       ||     2
  Eat: Chunk             |     9 |    16 |    16 |    24 |    28 ||    93
Armor: Skin              |     1 |     1 |     8 |     4 |    25 ||    39
Dodge: Dodged            |    28 |    45 |   126 |   160 |   371 ||   730
Block: Other             |       |       |     4 |    13 |    27 ||    44
       Reflection        |       |       |       |       |     1 ||     1

Table legend:
 A = Spawn XP
 B = Non-spawn XP
 C = Spawn XP percentage of total XP
 D = Spawn monster count
 E = Non-spawn monster count
 F = Spawn count percentage of total count
 G = Total turns spent on level
                    A         B        C        D         E        F      G
               +---------+---------+-------+---------+---------+-------+---------
         Total |       0 |  102845 |   0.0 |       0 |     633 |   0.0 | 32864
               +---------+---------+-------+---------+---------+-------+---------
           D:1 |       0 |      17 |   0.0 |       0 |      11 |   0.0 |   590
           D:2 |       0 |     120 |   0.0 |       0 |      20 |   0.0 |  1210
           D:3 |       0 |     791 |   0.0 |       0 |      16 |   0.0 |  1182
           D:4 |       0 |    1017 |   0.0 |       0 |      38 |   0.0 |  3348
           D:5 |       0 |     304 |   0.0 |       0 |      19 |   0.0 |   933
           D:6 |       0 |    1042 |   0.0 |       0 |       8 |   0.0 |   763
           D:7 |       0 |     425 |   0.0 |       0 |      11 |   0.0 |   882
           D:8 |       0 |    3945 |   0.0 |       0 |      41 |   0.0 |  2264
           D:9 |       0 |    2470 |   0.0 |       0 |      26 |   0.0 |  1678
          D:10 |       0 |    4669 |   0.0 |       0 |      44 |   0.0 |  2247
          D:11 |       0 |    6575 |   0.0 |       0 |      58 |   0.0 |  2039
          D:12 |       0 |   11182 |   0.0 |       0 |      39 |   0.0 |  1612
          D:13 |       0 |    9996 |   0.0 |       0 |      48 |   0.0 |  1409
          D:14 |       0 |    5493 |   0.0 |       0 |      20 |   0.0 |   195
        Lair:1 |       0 |    3623 |   0.0 |       0 |      14 |   0.0 |   979
        Lair:2 |       0 |    4390 |   0.0 |       0 |      18 |   0.0 |  1284
        Lair:3 |       0 |    1171 |   0.0 |       0 |       5 |   0.0 |   766
        Lair:4 |       0 |    1312 |   0.0 |       0 |       9 |   0.0 |   591
        Lair:5 |       0 |    4799 |   0.0 |       0 |      21 |   0.0 |  1101
        Lair:6 |       0 |   28052 |   0.0 |       0 |      98 |   0.0 |  3452
         Orc:1 |       0 |    1892 |   0.0 |       0 |      23 |   0.0 |  1202
         Orc:2 |       0 |    9289 |   0.0 |       0 |      22 |   0.0 |  2036
         Sewer |       0 |     271 |   0.0 |       0 |      24 |   0.0 |   744
               +---------+---------+-------+---------+---------+-------+---------
